 Dungeon Crawl Stone Soup version 0.18-a0-1637-g109f206 (webtiles) character file.

53 dohliylev the Sneak (level 3, -8/24 HPs)
             Began as a Vampire Enchanter on Mar 26, 2016.
             Mangled by a gnoll
             ... wielding a +0 club
              (10 damage)
             ... on level 1 of the Dungeon.
             The game lasted 00:14:41 (1652 turns).

dohliylev the Sneak (Vampire Enchanter)             Turns: 1652, Time: 00:14:41

Health: -8/24      AC:  0    Str:  7    XL:     3   Next: 64%
Magic:  1/6        EV: 21    Int: 17    God:
Gold:   89         SH:  0    Dex: 20    Spells: 2 memorised, 3 levels left

rFire  . . .     SeeInvis +     (weapon currently unavailable)
rCold  + . .     Gourm    .     (armour currently unavailable)
rNeg   + + .     Faith    .     (shield currently unavailable)
rPois  +         Spirit   .     (helmet currently unavailable)
rElec  .         Dismiss  .     (cloak currently unavailable)
rCorr  .         Reflect  .     (gloves currently unavailable)
SustAt .         Harm     .     (boots currently unavailable)
MR     .....                    (no amulet)
Stlth  ++++......               (ring currently unavailable)
                                (ring currently unavailable)

@: bat-form, flying, regenerating slowly, very quick, not resistant to hostile
enchantments, stealthy
A: fangs 3, see invisible, (unbreathing)
a: End Transformation


You were on level 1 of the Dungeon.
You were very thirsty.
You were in vampire-bat-form.
You visited 1 branch of the dungeon, and saw 2 of its levels.

You collected 89 gold pieces.

Inventory:

Hand Weapons
 a - a +1 dagger (melded)
 h - a +0 dagger
Armour
 b - a +1 robe (melded)
 k - a +0 buckler
Jewellery
 e - a cursed ring of positive energy {unknown}
 j - an uncursed amulet of regeneration {unknown}
Scrolls
 g - a scroll of teleportation {unknown}
 i - 3 scrolls of remove curse {unknown}
 o - 3 scrolls of enchant armour {unknown}
Potions
 d - 13 potions of blood
 f - a potion of haste {unknown}
 l - 3 potions of lignification {unknown}
 m - a potion of flight {unknown}
 n - a potion of might {unknown}
Books
 c - a book of Maledictions

   Spells                             Type                      Level
   a - Corona                         Hexes                        1
   b - Ensorcelled Hibernation        Hexes/Ice                    2
   c - Confuse                        Hexes                        3
   d - Tukima's Dance                 Hexes                        3
   e - Dazzling Spray                 Conjuration/Hexes            3


   Skills:
 + Level 0.1 Fighting
 + Level 1.1 Short Blades
 + Level 2.9 Dodging
 * Level 5.8 Stealth
 + Level 2.2 Spellcasting
 + Level 4.8 Hexes


You had 3 spell levels left.
You knew the following spells:

 Your Spells              Type           Power        Failure   Level  Hunger
a - Corona                Hex            ###....      2%          1    #......
b - Ensorcelled Hibernat  Hex/Ice        ##....       14%         2    ###....


Dungeon Overview and Level Annotations

Branches:
Dungeon (2/15)

Altars:

Annotations:
D:2 Natasha


Innate Abilities, Weirdness & Mutations

You heal slowly.
You have razor-sharp teeth.
You have supernaturally acute eyesight.
((You can survive without breathing.))


Message History

You barely miss the hobgoblin. Your bite misses the hobgoblin.
The hobgoblin hits you but does no damage.
You closely miss the hobgoblin. The gnoll hits you with a club.
* * * LOW HITPOINT WARNING * * *
The hobgoblin hits you but does no damage.
You hit the hobgoblin.
The hobgoblin is heavily wounded.
The gnoll hits you with a club.
* * * LOW HITPOINT WARNING * * *
The hobgoblin hits you with a club.
* * * LOW HITPOINT WARNING * * *
You hit the hobgoblin.
You kill the hobgoblin!
The gnoll closely misses you.
You see here a club.
You don't have enough magic at the moment.
You fail to use your ability.
The gnoll hits you but does no damage.
You turn into a vampire bat.
Your +1 dagger melds into your body.
Your +1 robe melds into your body.
The gnoll hits you with a club!
You die...

#.#....#..#..# #.
#.#..#[...#..# #.
#.##.##.)##..#### ##
#..#..####......#
##.........##...#
#......#####...##############
#....>.'.....................
#......#####...##....########
#####.......bg............)..
#.........###....########
##.........# #....#
#%.........# #....#
#....####### #....# #....#
#....# #....# #....#
#######....# ######
#....##....####


You could see a gnoll.

Vanquished Creatures
  A gnoll (D:2)
  2 oozes (D:1)
  A dart slug (D:1)
  3 giant cockroaches (D:1)
  3 goblins (D:1)
  2 hobgoblins (D:1)
  2 jackals (D:1)
  3 kobolds (D:1)
  8 bats
  3 giant newts
  5 rats
33 creatures vanquished.

Notes
Turn   | Place    | Note
--------------------------------------------------------------
     0 | D:1      | dohliylev the Vampire Enchanter began the quest for the Orb.
     0 | D:1      | Reached XP level 1. HP: 13/13 MP: 3/3
   283 | D:1      | Reached XP level 2. HP: 13/19 MP: 3/5
   387 | D:1      | Reached skill level 5 in Stealth
   679 | D:1      | Reached XP level 3. HP: 24/24 MP: 4/6
   711 | D:1      | Learned a level 2 spell: Ensorcelled Hibernation
   994 | D:2      | Noticed Natasha
  1652 | D:1      | Mangled by a gnoll

Vault maps used:
D:1:      onia_arrival_pentagram, minmay_close_crescents
D:2:      kennysheep_generic_room_14, uniq_natasha

Skill      XL: |  1  2 |
---------------+-------+-----
Stealth        | 5 |  5.8
Fighting       | |  0.1
Short Blades   | |  1.1
Dodging        | |  2.9
Spellcasting   | |  2.2
Hexes          | |  4.8

Action                   || total
-------------------------++-------
Melee: Dagger            ||   105
 Cast: Corona            ||    17
       Ensorcelled Hiber ||     7
 Abil: Bat Form          ||     5
       End Transformatio ||     4
 Stab: Sleeping          ||    12
